 Dungeon Crawl Stone Soup version 0.23.2-40-g277498a001 (webtiles) character file.

Game seed: 16985414193843233246

177 KamiKatze the Cutter (level 5, -2/32 HPs)
             Began as a Tengu Assassin on Sept 19, 2019.
             Slain by Natasha (3 damage)
             ... on level 3 of the Dungeon.
             The game lasted 00:06:40 (2371 turns).

KamiKatze the Cutter (Tengu Assassin)               Turns: 2371, Time: 00:06:41

Health: -2/32      AC:  9    Str: 12    XL:     5   Next: 57%
Magic:  6/6        EV:  6    Int: 11    God:
Gold:   198        SH:  0    Dex: 16    Spells: 4/4 levels left

rFire    . . .     SeeInvis .   a - +2 dagger
rCold    . . .     Gourm    .   (no shield)
rNeg     . . .     Faith    .   l - +0 chain mail
rPois    .         Spirit   .   (helmet restricted)
rElec    .         Reflect  .   d - +0 cloak
rCorr    .         Harm     .   (no gloves)
MR       .....                  (boots unavailable)
Stlth    ..........             (no amulet)
HPRegen  0.10/turn              m - ring of flight
MPRegen  0.10/turn              x - ring of wizardry (curse)

@: no status effects
A: beak, talons 3, able to fly
a: Fly, Evoke Flight


You were on level 3 of the Dungeon.
You were not hungry.

You visited 1 branch of the dungeon, and saw 3 of its levels.

You collected 198 gold pieces.

Inventory:

Hand Weapons
 a - a +2 dagger (weapon)
 b - a +0 blowgun
 t - a +0 dagger of flaming
Missiles
 e - 8 poisoned needles
 f - 2 curare-tipped needles
Armour
 c - a +0 robe
 d - a +0 cloak (worn)
 l - a +0 chain mail (worn)
Jewellery
 m - a ring of flight (left hand)
 v - an uncursed ring of ice
 x - a cursed ring of wizardry (right hand)
Scrolls
 h - 3 scrolls of teleportation {unknown}
 i - 2 scrolls of identify
 r - a scroll of enchant weapon {unknown}
 s - 2 scrolls of amnesia {unknown}
 y - a scroll of noise {unknown}
Potions
 j - 3 potions of curing
 k - a potion of heal wounds {unknown}
 o - 2 potions of cancellation {unknown}
 p - a potion of mutation {unknown}
 q - a potion of haste {unknown}
 u - a potion of brilliance {unknown}
 w - a potion of lignification {unknown}
 z - a potion of might {unknown}
Comestibles
 g - 5 rations
 n - 4 chunks of flesh


   Skills:
 + Level 3.0 Fighting
 * Level 4.2 Short Blades
 + Level 3.0 Throwing
 + Level 2.6 Dodging
 - Level 4.0 Stealth


You had 4 spell levels left.
You didn't know any spells.
Your spell library was empty.

Dungeon Overview and Level Annotations

Branches:
Dungeon (3/15)

Altars:

Annotations:
D:3 Natasha


Innate Abilities, Weirdness & Mutations

You have a beak for a mouth.
You have claws for feet.
You can fly continuously.


Message History

j - 3 potions of curing (gained 1)
You enter the shallow water.
Moving in this stuff is going to be slow.
You see here a +0 whip.
Natasha, Servant of Life and Death comes into view.
She is carrying a wand of flame (24).
You see here a +0 club.
Natasha hisses angrily.
Natasha howls an incantation.
You feel disoriented.
Natasha zaps a wand.
The puff of flame hits you.
Natasha stares at you and mumbles some strange words.
The magic dart hits you!
* * * LOW HITPOINT WARNING * * *
Natasha claws you but does no damage.
Natasha zaps a wand.
The puff of flame hits you!
* * * LOW HITPOINT WARNING * * *
You hit Natasha. You peck Natasha.
Natasha is heavily wounded.
Natasha claws you.
You die...

≈#.# #.#######.# ≈♣♣##
#.#.....#.#### ≈≈♣≈#
#.#.##.##....# P≈≈≈########
#.#..<.......#
≈≈P♣♣......###.###############
≈♣≈≈♣..............÷.....>...#
#
≈≈≈♣P...(..###.#.###)####.##.#
# PP≈≈♣####............#
#...#.# #
≈♣≈≈♣♣###..####h@....# #.###.#
# ≈≈≈≈♣P...............# #.#
#.# # ≈≈≈≈≈♣###.#.###......#
#.# #.####
≈≈≈≈♣≈###.#.###......# #.#
#.....
≈≈≈≈♣♣.......##......###.#
######
≈≈≈≈≈≈.#####.))).........#
≈≈≈≈P♣.# #..#......#####
≈≈≈≈♣P.# #..#......# ≈≈≈≈≈≈##
##.#....^.#


You could see Natasha.

Vanquished Creatures
  Natasha (D:3)
  3 gnolls (D:3)
  6 adders
  2 oozes (D:1)
  2 worms
  2 dart slugs
  A leopard gecko (D:2)
  4 giant cockroaches
  4 goblins
  8 hobgoblins
  4 kobolds (D:2)
  2 ball pythons
  6 bats
  5 frilled lizards
  3 rats
53 creatures vanquished.

Notes
Turn   | Place    | Note
-------+----------+-------------------------------------------
     0 | D:1      | KamiKatze the Tengu Assassin began the quest for the Orb.
     0 | D:1      | Reached XP level 1. HP: 12/12 MP: 2/2
   100 | D:1      | Reached XP level 2. HP: 2/17 MP: 3/3
  1169 | D:2      | Reached XP level 3. HP: 18/21 MP: 4/4
  1481 | D:2      | Reached XP level 4. HP: 19/27 MP: 5/5
  1930 | D:3      | Gained mutation: You can fly continuously. [Tengu growth]
  1930 | D:3      | Reached XP level 5. HP: 9/32 MP: 6/6
  2239 | D:3      | Noticed Natasha
  2255 | D:3      | Killed Natasha
  2365 | D:3      | Noticed Natasha
  2370 | D:3      | HP: 1/32 [Natasha/wand of flame (23) (8)]
  2371 | D:3      | Slain by Natasha

Skill      XL: |  1  2  3  4  5 |
---------------+----------------+-----
Short Blades   | 3 4 |  4.2
Dodging        | 2 |  2.6
Fighting       | 3 |  3.0
Throwing       | 3 |  3.0
Stealth        | |  4.0

Action                   |  1- 3 |  4- 6 || total
-------------------------+-------+-------++-------
Melee: Dagger            |    66 |    91 ||   157
       Peck              |     9 |    15 ||    24
       Kick              |    15 |    24 ||    39
  Use: Scroll            |     4 |       ||     4
  Eat: Chunk             |     2 |     3 ||     5
Armor: Robe              |     4 |       ||     4
       Chain mail        |    47 |    60 ||   107
Dodge: Dodged            |    30 |    26 ||    56
